[Event "Early-Titled-Tuesday-Blitz-January-23-2024"]
[Site "Chess.com"]
[Date "2024.01.23"]
[Round "11"]
[White "alvarorodriguezavila"]
[Black "rhungaski"]
[Result "1-0"]
[WhiteElo "2356"]
[BlackElo "2507"]
[TimeControl "180+1"]
[EndTime "10:08:37 PST"]
[Termination "alvarorodriguezavila won by resignation"]

1. e4 e6 2. d4 d5 3. e5 c5 4. c3 Qb6 5. Nf3 Bd7 6. a4 c4 7.
a5 Qc7 8. b3 cxb3 9. Qxb3 Nc6 10. a6 b6 11. Bd3 Na5 12. Qc2 Rc8 13. O-O h6 14. h4 Ne7 15. Ba3 Nc4 16. Bb4 Nc6 17.
Bxf8 Rxf8 18. Bxc4 dxc4 19. Nbd2 Ne7 20. Ne4 Bc6 21.
Nd6+ Kd7 22. Nd2 f5 23. Rfd1 Bd5 24. Nxc8 Rxc8 25. Nf1 Qc6 26. Ne3 Be4 27. Qa4 Nd5 28. Qxc6+ Rxc6 29. Nxd5 Bxd5 30. Rdb1 Rc8 31. f3 g6 32. Kf2 Kc6 33. Ke3 Rf8 34. g3 Rg8 35.
Rg1 Rf8 36. Raf1 Rf7 37. Rh1 Rf8 38. Rh2 Rf7 39. Rg2 Rf8 40. Rgg1 Rf7 41. f4 h5 42.
Rf2 b5 43. Rb1 Kb6 44. Rfb2 Bc6 45. Ra1 Rd7 46. Rb4 Rd5 47. Ra2 Bd7 48. Ra3 Bc8 49.
Ra2 Bxa6 50. Rb1 Bb7 51. Rba1 a6 52. Ra5 Rd8 53. R1a2 Kc6 54. Rxa6+ Bxa6 55. Rxa6+ Kd7 56. Rd6+ Ke7 57. Rxd8 Kxd8 58. d5 exd5 59. Kd4 Kd7 60. Kxd5 Ke7 61. Kc5 Ke6 62. Kxb5 Kd5 63. Kb4 1-0

[Event "Early-Titled-Tuesday-Blitz-January-23-2024"]
[Site "Chess.com"]
[Date "2024.01.23"]
[Round "11"]
[White "mbojan"]
[Black "Vazabanga"]
[Result "0-1"]
[WhiteElo "2884"]
[BlackElo "2710"]
[TimeControl "180+1"]
[EndTime "10:08:38 PST"]
[Termination "Vazabanga won by checkmate"]

1. e4 c5 2. Nf3 d6 3. Bb5+ Bd7 4. a4 g6 5. O-O Bg7 6. Nc3 Nf6 7. d3 O-O 8. h3 Nc6 9. Bg5 a6 10. Bxc6 Bxc6 11.
a5 Nd7 12. Qd2 Re8 13. Ra2 Qc7 14. Re1 e6 15. Bf4 Rad8 16. b3 Nf8 17. Bg5 f6 18.
Bh6 e5 19. Bxg7 Kxg7 20. Na4 Ne6 21. Nb6 Qe7 22. Kh2 f5 23. Ng1 Rf8 24. f3 f4 25.
c3 g5 26. Ne2 h5 27. d4 Bb5 28. c4 Be8 29. Nd5 Qf7 30. dxe5 dxe5 31. Qc3 Nd4 32. b4 cxb4 33. Qxb4 Nc6 34. Qc3 g4 35. Nexf4 Kh7 36. Nd3 gxf3 37. Rf2 Qg7 38. gxf3 Rg8 39. Kh1 Rd6 40.
Qc1 Qg3 41. Rg1 Qxh3+ 42. Rh2 Qxf3+ 43. Rgg2 Rxg2 44. Rxg2 Rg6 45. Ne3 Bd7 46. Ne1 Qxe4 47. Kg1 Rxg2+ 48. N3xg2 Nd4 49. Qg5 Qg6 50. Qe7+ Qg7 51.
Qxe5 Qxe5 52. Nd3 Qe2 53. Ndf4 Qd1+ 54. Kf2 Nc2 55. Nd5 Qd4+ 56. Kg3 Qxc4 57. Ndf4 Kg7 58.
Nxh5+ Kf7 59. Nhf4 Qc7 60. Kf3 Nd4+ 61. Ke4 Nf5 62. Nd5 Qc4+ 63. Ke5 Qd4# 0-1

[Event "Early-Titled-Tuesday-Blitz-January-23-2024"]
[Site "Chess.com"]
[Date "2024.01.23"]
[Round "11"]
[White "IlanSchnaider"]
[Black "TheNextLevelFan"]
[Result "0-1"]
[WhiteElo "2757"]
[BlackElo "2580"]
[TimeControl "180+1"]
[EndTime "10:08:38 PST"]
[Termination "TheNextLevelFan won by checkmate"]

1. e4 c6 2. Nf3 d5 3. Nc3 Bg4 4. h3 Bxf3 5. Qxf3 e6 6. Be2 Nf6 7. O-O d4 8. Nb1 Bd6 9. d3 Nbd7 10. Bf4 Qc7 11. Bxd6 Qxd6 12. Nd2 O-O 13. h4 b5 14. Qh3 e5 15. g3 c5 16. f4 Rac8 17. f5 c4 18. g4 c3 19. bxc3 Rxc3 20. Rac1 Rfc8 21. g5 Rxc2 22. Rcd1 Ne8 23. f6 Nexf6 24. gxf6 Nxf6 25. Bg4 R8c3 26. Nb1 Rc7 27. Rd2 Qb4 28. Rxc2 Rxc2 29. Qg3 Qd6 30. Bd1 Rxa2 31. Qf3 a5 32. h5 h6 33. Bb3 Rb2 34. Bd5 a4 35. Qh3 Qc7 36. Qg3 Kf8 37. Na3 Qd6 38. Nb1 a3 39. Qh3 Rc2 40. Nxa3 Qxa3 41. Qg3 Qd6 42. Rb1 Nxd5 43.
exd5 Qxd5 44. Qg4 b4 45. Rf1 b3 46. Rf2 Rxf2 47. Kxf2 Qc6 48. Qh4 Ke8 49. Qg4 b2 50. Qd1 Qc1 51. Qa4+ Ke7 52. Qa7+ Ke6 53. Qb6+ Kf5 54.
Qb7 f6 55. Qc8+ Kg5 56. Qe8 Qd2+ 57. Kg1 Qxd3 58. Qe7 b1=Q+ 59. Kg2 Qbc2+ 60. Kg1 Qdd1# 0-1

[Event "Early-Titled-Tuesday-Blitz-January-23-2024"]
[Site "Chess.com"]
[Date "2024.01.23"]
[Round "11"]
[White "Rodalquilar"]
[Black "FM_VS99"]
[Result "1-0"]
[WhiteElo "2745"]
[BlackElo "2561"]
[TimeControl "180+1"]
[EndTime "10:08:40 PST"]
[Termination "Rodalquilar won by resignation"]

1. d4 Nf6 2. Nf3 g6 3. Bf4 Bg7 4. e3 O-O 5. Be2 d6 6. O-O c5 7.
c3 Qb6 8. Nbd2 Be6 9. e4 cxd4 10.
Nxd4 Qxb2 11. Nxe6 fxe6 12. Rb1 Qxc3 13. Rxb7 Nc6 14. Qb1 Nd4 15. Bd3 Nh5 16. Be3 Nf4 17.
Ba6 Be5 18. Kh1 Qa5 19. Bc4 d5 20. Bb3 Rab8 21. Rxb8 Rxb8 22. exd5 Nxb3 23. Nxb3 Qxd5 24. Bxf4 Bxf4 25. Rd1 Qh5 26. g3 Bd6 27. Re1 a5 28. Qe4 Rf8 29. Qxe6+ Kh8 30. Qe2 Qd5+ 31. Kg1 a4 32.
Nc1 Bc5 33. Nd3 Bd6 34. Qb2+ Kg8 35. Qc2 Qd4 36. Re3 h5 37. Qe2 Rf7 38. Re4 Qa1+ 39. Kg2 Qf6 40. Re6 Qf5 41. Re4 Qd5 42. f3 Rf8 43.
Rxa4 Rc8 44. Nf4 Bxf4 45. Rxf4 Qd6 46. Re4 Rc7 47. Re6 Qa3 48. Rxg6+ Kf8 49. Re6 Qa4 50.
Kh3 Rc2 51. Qe4 Qa6 52. Rxa6 1-0

[Event "Early-Titled-Tuesday-Blitz-January-23-2024"]
[Site "Chess.com"]
[Date "2024.01.23"]
[Round "11"]
[White "FREDERICKtheMATE"]
[Black "GMAkobianSTL"]
[Result "1/2-1/2"]
[WhiteElo "2579"]
[BlackElo "2755"]
[TimeControl "180+1"]
[EndTime "10:08:40 PST"]
[Termination "Game drawn by repetition"]

1. d4 Nf6 2. c4 b6 3. Nc3 Bb7 4. d5 e6 5. a3 Be7 6. e4 exd5 7. exd5 O-O 8. Nf3 Re8 9. Be2 c6 10. O-O cxd5 11. cxd5 d6 12. Bb5 Nbd7 13. a4 a6 14. Bc4 Rc8 15. Ba2 Bf8 16. Nd4 Nc5 17. Bg5 h6 18. Bh4 g6 19. Qf3 Bg7 20. Nc6 Bxc6 21. dxc6 g5 22. Bg3 g4 23. Qf4 Rxc6 24. Bh4 Nd3 25. Qf5 Nb4 26. Bb1 Rc5 27. Qf4 Nbd5 28. Nxd5 Rxd5 29. f3 g3 30. hxg3 Qe7 31. Ba2 Rc5 32.
Rad1 d5 33. Rd2 Qe3+ 34. Qxe3 Rxe3 35. Rfd1 b5 36. axb5 Rxb5 37. Kf2 Re8 38. Bxf6 Bxf6 39. Bxd5 Rxb2 40. Rxb2 Bxb2 41. Bc4 Re7 42. Bxa6 Kg7 43. g4 Bf6 44. Bc4 Rc7 45. Bd5 Rd7 46. f4 Ra7 47.
Kf3 Rd7 48. Ke4 Re7+ 49. Kf5 Rd7 50. Rd3 Rd8 51. Rd1 Rd7 52. Ke4 Re7+ 53. Kd3 Rd7 54. Kc4 Rc7+ 55. Kb5 Rd7 56. Kc6 Rd8 57. Rb1 Rc8+ 58.
Kb6 Rb8+ 59. Bb7 Rd8 60. Kc7 Rd4 61. Rf1 Rxf4 62. Rxf4 Be5+ 63. Kd7 Bxf4 64. Bf3 Be5 65. Ke7 f6 66. Ke6 Bf4 67. Kf5 Bg5 68. Bd5 Bh4 69. Bc4 Bg5 70. Bd5 Bh4 71. Bc4 Bg5 72. Bd5 1/2-1/2

[Event "Early-Titled-Tuesday-Blitz-January-23-2024"]
[Site "Chess.com"]
[Date "2024.01.23"]
[Round "11"]
[White "VinzentSpitzl"]
[Black "BashiqChess"]
[Result "0-1"]
[WhiteElo "2517"]
[BlackElo "2468"]
[TimeControl "180+1"]
[EndTime "10:08:41 PST"]
[Termination "BashiqChess won by resignation"]

1. e4 c5 2. Nf3 g6 3. d4 cxd4 4. Qxd4 Nf6 5. Nc3 Nc6 6. Qa4 d6 7. e5 dxe5 8. Nxe5 Bd7 9. Nxd7 Nxd7 10. Bb5 Bg7 11. O-O O-O 12. Bxc6 bxc6 13. Qxc6 Rc8 14. Qf3 Bxc3 15. bxc3 Qa5 16. Bh6 Rfd8 17. Qe4 e6 18. Rad1 Qxc3 19. Bg5 Nf6 20. Rxd8+ Rxd8 21. Qh4 Kg7 22.
Qh6+ Kg8 23. h3 Rc8 24. Rb1 Ne4 25. Be3 Qf6 26. c4 a6 27. Rd1 Nc3 28. Bd4 Ne2+ 29. Kf1 Nxd4 30. Qe3 Nf5 31. Qf3 Qe7 32. g4 Nh4 33.
Qe4 Qc7 34. Rc1 Qc6 35. Qxc6 Rxc6 36. Ke2 g5 37. Kd3 Ng6 38. Kd4 Kf8 39. Rb1 Ke7 40. Rb7+ Ke8 41. Rb8+ Kd7 42. Rb7+ Rc7 43. Rb6 Ne7 44.
Rxa6 Nc6+ 45. Kc3 Ne5 46. Ra4 Nf3 47. Rb4 Ng1 48. a4 Nxh3 49. f3 Ng1 50. a5 Nxf3 51. a6 Ne5 52. Rb7 Rxb7 53. axb7 Kc7 54. Kd4 Nxc4 55.
Kxc4 Kxb7 0-1

[Event "Early-Titled-Tuesday-Blitz-January-23-2024"]
[Site "Chess.com"]
[Date "2024.01.23"]
[Round "11"]
[White "GianmarcoVaR"]
[Black "ama18"]
[Result "1-0"]
[WhiteElo "2751"]
[BlackElo "2542"]
[TimeControl "180+1"]
[EndTime "10:08:43 PST"]
[Termination "GianmarcoVaR won on time"]

1. d4 Nf6 2. Nf3 e6 3. Bf4 b6 4. e3 Bb7 5. Nbd2 Be7 6. c3 c5 7. h3 d6 8. Bd3 cxd4 9. exd4 O-O 10. O-O Qc7 11. Re1 Re8 12. Bf1 Nbd7 13. a4 a6 14. Nc4 Bf8 15. Nfd2 e5 16. dxe5 dxe5 17. Bg3 Bd5 18. Ne3 Bb7 19. Nec4 b5 20. axb5 axb5 21.
Rxa8 Bxa8 22. Ne3 b4 23. c4 Nc5 24. b3 Nce4 25. Ng4 Nxg3 26. Nxf6+ gxf6 27. fxg3 Bc5+ 28. Kh2 Bf2 29. Ne4 Bxe4 30. Rxe4 f5 31. Re2 Bc5 32.
Qd5 Kg7 33. Qf3 Qd7 34. Re1 e4 35. Qf4 Bd4 36. Rd1 Rd8 37. Kh1 Qe7 38. g4 fxg4 39. Qxg4+ Kh8 40. Re1 e3 41. Bd3 f6 42. Qf5 Rg8 43.
Re2 Rg7 44. Qc8+ Rg8 45. Qf5 Rg7 46. Kg1 Bc3 47. Kf1 Bd4 48. Qd5 Qe5 49. Qd8+ Rg8 50. Qd7 Rg7 51. Qc8+ Rg8 52. Qf5 Qxf5+ 53. Bxf5 Ra8 54.
Rc2 Ra1+ 55. Ke2 Rg1 56. Kd3 Rd1+ 57. Ke2 Rg1 58. Be4 1-0

[Event "Early-Titled-Tuesday-Blitz-January-23-2024"]
[Site "Chess.com"]
[Date "2024.01.23"]
[Round "11"]
[White "Muslim_player_05"]
[Black "LeRoidesChampions"]
[Result "1-0"]
[WhiteElo "2521"]
[BlackElo "2610"]
[TimeControl "180+1"]
[EndTime "10:08:44 PST"]
[Termination "Muslim_player_05 won by resignation"]

1. d4 Nf6 2. c4 e5 3. dxe5 Ng4 4. Nc3 Nxe5 5. e3 b6 6. f4 Ng6 7. Bd3 Nc6 8. Qh5 Bb7 9. Nf3 Bb4 10. Bd2 Qe7 11. Kf2 Bxc3 12. Bxc3 O-O-O 13. Bxg7 Rhg8 14.
Bc3 Nb4 15. Bxb4 Qxb4 16. Qb5 Qe7 17. g3 Rde8 18. Rhe1 Qd6 19. Rad1 a6 20. Qa4 Qc5 21. b4 Qh5 22. Qxd7+ Kb8 23. e4 Bc8 24. Qd5 Qh3 25.
Bf1 Qh6 26. c5 Bb7 27. Qg5 Qg7 28. cxb6 cxb6 29. f5 h6 30. Qe3 Rxe4 31. Qxb6 Qb2+ 32. Rd2 Qc3 33. Rxe4 Ne7 34. Rxe7 Qxf3+ 35. Ke1 Rc8 36. Qxb7+ Qxb7 37. Rxb7+ Kxb7 38. Rd7+ Kb6 39. Rd6+ Kc7 40.
Rxa6 Re8+ 41. Kf2 Re5 42. Rxh6 Rxf5+ 43. Kg2 Rd5 44. b5 Rd2+ 45. Kg1 Rxa2 46. b6+ Kb8 47.
Bg2 Ra1+ 48. Kf2 Ra2+ 49. Kf1 Ra1+ 50. Kf2 Ra2+ 51. Kf3 f5 52. Bh1 Ra1 53. Bg2 Ra2 54. g4 f4 55. g5 Kb7 56. g6 Ra8 57. Kxf4+ 1-0

[Event "Early-Titled-Tuesday-Blitz-January-23-2024"]
[Site "Chess.com"]
[Date "2024.01.23"]
[Round "11"]
[White "MITerryble"]
[Black "BilodeauA"]
[Result "1-0"]
[WhiteElo "3019"]
[BlackElo "2942"]
[TimeControl "180+1"]
[EndTime "10:08:47 PST"]
[Termination "MITerryble won by resignation"]

1. d4 d5 2. Bg5 Nf6 3. e3 c5 4.
c3 e6 5. Nd2 Be7 6. Ngf3 h6 7.
Bh4 Nc6 8. Bd3 b6 9. O-O Bb7 10. Qe2 O-O 11. Rfe1 Rc8 12. Rad1 Nd7 13. Bg3 c4 14. Bb1 f5 15. h3 b5 16. Bh2 Nf6 17. Ne5 Bd6 18. f4 Ne4 19. Bxe4 fxe4 20. Qg4 Qe8 21. Nf1 b4 22. Ng3 a5 23. Nh5 Rc7 24. Rf1 Rf5 25. Ng3 Rf8 26. Rf2 Bxe5 27. dxe5 Rcf7 28. Nh5 Kh7 29. Rdf1 Bc8 30. Qd1 Ne7 31.
g4 Ng6 32. Bg3 Qb5 33. Qd4 a4 34. cxb4 Qxb4 35. f5 exf5 36. e6 Bxe6 37. gxf5 Bxf5 38. Rxf5 Qb7 39. Rxf7 Rxf7 40. Rxf7 Qxf7 41. Nf4 Ne7 42. Qe5 Nf5 43. Bf2 Ne7 44. a3 g5 45. Ne6 Kg6 46. Nd4 Qf6 47. Bg3 h5 48. Qxf6+ Kxf6 49. Nb5 Nf5 50. Bf2 g4 51. hxg4 hxg4 52. Kg2 g3 53. Bg1 Kg5 54. Kh3 d4 55. Nxd4 Nxd4 56.
exd4 Kf4 57. d5 Ke5 58. Kxg3 Kxd5 59. Kf4 c3 60. bxc3 Kc4 61. Bd4 Kb3 62. Kxe4 Kxa3 63.
Kd5 Kb3 64. c4 a3 65. c5 1-0

[Event "Early-Titled-Tuesday-Blitz-January-23-2024"]
[Site "Chess.com"]
[Date "2024.01.23"]
[Round "11"]
[White "GMSrinath"]
[Black "ViratKohl_i"]
[Result "1-0"]
[WhiteElo "2826"]
[BlackElo "2605"]
[TimeControl "180+1"]
[EndTime "10:08:47 PST"]
[Termination "GMSrinath won on time"]

1. e4 c5 2. Nf3 d6 3. d4 cxd4 4. Nxd4 Nf6 5. Nc3 e6 6. g4 a6 7.
g5 Nfd7 8. h4 Be7 9. Rg1 b5 10.
h5 g6 11. a3 Bb7 12. Bh3 Nc5 13. Qe2 Nc6 14. Be3 Ne5 15. O-O-O Qa5 16. Kb1 Nc4 17. Na2 Nxe4 18. Nxe6 fxe6 19. Bxe6 d5 20. Rxd5 Bxd5 21.
Bxd5 Ncd2+ 22. Ka1 O-O-O 23. Bxe4 Nxe4 24. Qg4+ Kb8 25.
Qxe4 Qc7 26. hxg6 hxg6 27. Qxg6 Bd6 28. Nb4 Qb7 29. Nd3 Rhg8 30. Qe6 Rge8 31. Qg4 Re4 32. Qh5 Rc4 33. Kb1 Rdc8 34. Rc1 Qd5 35. Qd1 a5 36. g6 b4 37. axb4 axb4 38. g7 b3 39. cxb3 Rxc1+ 40. Bxc1 Rc7 41. Qe2 Rxg7 42. Nf4 Qxb3 43. Qe8+ Kb7 44.
Qe4+ Kb8 45. Nd5 Rb7 46. Qe8+ Ka7 47. Be3+ Ka6 48. Qc6+ Ka5 49. Bd2+ Bb4 50. Nxb4 Qd1+ 51. Qc1 1-0

[Event "Early-Titled-Tuesday-Blitz-January-23-2024"]
[Site "Chess.com"]
[Date "2024.01.23"]
[Round "11"]
[White "artooon"]
[Black "vladislavkovalev"]
[Result "1/2-1/2"]
[WhiteElo "2984"]
[BlackElo "2869"]
[TimeControl "180+1"]
[EndTime "10:08:51 PST"]
[Termination "Game drawn - insufficient material"]

1. e4 e5 2. Nf3 Nc6 3. Bc4 Nf6 4.
Ng5 d5 5. exd5 Na5 6. Bb5+ c6 7. dxc6 bxc6 8. Bd3 Nd5 9. Nf3 Bd6 10. O-O O-O 11. Re1 f5 12. Nxe5 Qf6 13. Nf3 g5 14. c4 Nf4 15.
Bf1 g4 16. d4 gxf3 17. Qxf3 Ne6 18.
Qc3 Rb8 19. c5 Bc7 20. b4 Qxd4 21. bxa5 Qxc3 22. Nxc3 Bxa5 23. Re3 f4 24. Rf3 Ng5 25. Bc4+ Kg7 26. Ne2 Nxf3+ 27. gxf3 Re8 28. Bxf4 Rb4 29. Bd3 Rxe2 30. Bxe2 Rxf4 31. Rb1 Bc7 32. Rb3 Rf5 33. Ra3 a5 34. Rc3 Rg5+ 35. Kf1 Bxh2 36. Bd3 Bf4 37. Rc4 Bc7 38. Rh4 h5 39. Re4 Kf6 40. Re8 Bf5 41. Bxf5 Rxf5 42. Rc8 Ke6 43. Rxc7 Rxc5 44. Kg2 Kd6 45.
Ra7 Rf5 46. Kg3 Rg5+ 47. Kh4 Rf5 48. Kg3 Re5 49. f4 Rf5 50. Kf3 Rc5 51. Ke4 Rc4+ 52. Kf5 Rc2 53. Rxa5 Rxf2 54. Kg5 h4 55. Ra3 c5 56. Rd3+ Kc6 57. a4 c4 58. Rh3 Kc5 59.
f5 Kb4 60. Rxh4 Kb3 61. f6 c3 62. Kg6 c2 63. Rh1 Kxa4 64. f7 Kb3 65. Kg7 Kb2 66. f8=Q Rxf8 67. Kxf8 c1=Q 68. Rxc1 Kxc1 1/2-1/2

[Event "Early-Titled-Tuesday-Blitz-January-23-2024"]
[Site "Chess.com"]
[Date "2024.01.23"]
[Round "11"]
[White "Chessdreamer2020"]
[Black "LeoLV10"]
[Result "1-0"]
[WhiteElo "2553"]
[BlackElo "2444"]
[TimeControl "180+1"]
[EndTime "10:08:54 PST"]
[Termination "Chessdreamer2020 won by resignation"]

1. e4 c6 2. d4 d5 3. exd5 cxd5 4. Bd3 Nc6 5. c3 Nf6 6. h3 g6 7. Nf3 Bf5 8. Be2 Bg7 9. Bf4 Rc8 10. O-O O-O 11. Nbd2 a6 12. Re1 b5 13. a4 b4 14. Bxa6 bxc3 15. bxc3 Nh5 16. Bh2 Bc2 17. Qxc2 Nb4 18. Qb3 Nxa6 19. Ne5 f6 20. Nd3 f5 21. Ne5 f4 22. c4 dxc4 23. Ndxc4 Kh8 24. Rad1 Rb8 25.
Qf3 Nb4 26. Nc6 Nxc6 27. Qxc6 Rc8 28. Qb5 Rf5 29. Ne5 Qf8 30. a5 Rb8 31. Qd5 Rd8 32.
Qe4 Nf6 33. Qb7 Rb8 34. Qc6 Rd8 35. Qb5 Nd5 36. a6 Nc3 37. Qb6 Nxd1 38. Nc6 Rf6 39. Rxd1 Qe8 40. Qxd8 Qxd8 41. Nxd8 Rxa6 42. Bxf4 Kg8 43.
d5 Kf8 44. Ne6+ Kf7 45. Nxg7 Kxg7 46. Be5+ Kf7 47. Kh2 Ra5 48. Kg3 Ra3+ 49. f3 Rb3 50. Kg4 Ra3 51. Rd2 Ra4+ 52. Kg5 Rc4 53. f4 Rb4 54.
Kh6 Rb3 55. Kxh7 Rg3 56. Kh6 Re3 57. Kg5 Rb3 58. Kg4 Rb5 59. h4 Rb3 60. g3 Ra3 61.
d6 exd6 62. Rxd6 Rb3 63. Rf6+ Ke7 64. Rxg6 Rb1 65. h5 Kf7 66. Rg7+ Kf8 67. h6 Rb6 68. h7 Rh6 69. Rg8+ Kf7 70. h8=Q Rxh8 71. Rxh8 Kg6 72. f5+ Kf7 73. Rh7+ Kg8 74. Rg7+ Kh8 75. Rb7+ Kg8 76. Kg5 Kf8 1-0

[Event "Early-Titled-Tuesday-Blitz-January-23-2024"]
[Site "Chess.com"]
[Date "2024.01.23"]
[Round "11"]
[White "wadsy27"]
[Black "andrzej"]
[Result "1-0"]
[WhiteElo "2662"]
[BlackElo "2410"]
[TimeControl "180+1"]
[EndTime "10:08:55 PST"]
[Termination "wadsy27 won by resignation"]

1. c4 e6 2. g3 d5 3. Bg2 Nf6 4. Nf3 dxc4 5. Qa4+ Bd7 6. Qxc4 c5 7. Ne5 Qc8 8. O-O Nc6 9. Nxd7 Qxd7 10. Nc3 Rc8 11. d3 b6 12. Qa4 Be7 13. Bd2 O-O 14.
Rfc1 Rfd8 15. Rab1 h5 16. a3 Ne8 17. b4 h4 18. bxc5 hxg3 19. hxg3 Bxc5 20. Ne4 Nd4 21.
Qxd7 Rxd7 22. Nxc5 bxc5 23. Kf1 Nd6 24. e3 N4f5 25. d4 cxd4 26. Rxc8+ Nxc8 27. Rb8 Ne7 28. Bb4 Kh7 29. exd4 Rxd4 30. Bxe7 Nxe7 31. Rb7 Nf5 32. Rxa7 Kg6 33. Bf3 Kf6 34. a4 g5 35. a5 g4 36. Be2 Ra4 37. a6 Nd4 38. Bxg4 Nb5 39.
Rb7 Rxg4 40. Rxb5 Ra4 41. Rb6 Kf5 42. Kg2 Ra3 43. Rb7 f6 44. a7 e5 45. f3 Kg6 46.
g4 Kg5 47. Rf7 Kg6 48. Rb7 Kg5 49. Kf2 Kg6 50. Ke2 Kg5 51. Kd2 e4 52. fxe4 Kxg4 53. Re7 Kf4 54. Kc2 f5 55. exf5 Kxf5 56. Kb2 Ra6 57.
Kb3 Kf6 58. Rh7 Ra1 59. Kb4 Ke6 60. Kc5 Ra2 61. Kc6 Rc2+ 62. Kb7 Rb2+ 63. Kc8 Ra2 64. Kb8 Kd6 65. a8=Q Rb2+ 66. Qb7 1-0

[Event "Early-Titled-Tuesday-Blitz-January-23-2024"]
[Site "Chess.com"]
[Date "2024.01.23"]
[Round "11"]
[White "Carlitus2004"]
[Black "yobdc"]
[Result "1/2-1/2"]
[WhiteElo "2401"]
[BlackElo "2524"]
[TimeControl "180+1"]
[EndTime "10:08:55 PST"]
[Termination "Game drawn by repetition"]

1. e4 c6 2. Nf3 g6 3. d4 Bg7 4. c3 d5 5. exd5 cxd5 6. Bd3 Bg4 7. Bf4 Nc6 8. Nbd2 e6 9. O-O Nge7 10. Re1 O-O 11.
h3 Bxf3 12. Nxf3 Rc8 13. Qd2 Qd7 14. h4 h5 15. Bg5 Rfe8 16. g3 Nf5 17. Kg2 f6 18.
Be3 Nce7 19. Bf4 Nc6 20. Bxf5 exf5 21. Bh6 Re4 22. Bf4 Rce8 23. Rad1 Bf8 24. Qc1 Qe6 25.
Kf1 Kh7 26. Nd2 Re2 27. Be3 Rxe1+ 28. Rxe1 Bd6 29. Bf4 Qxe1+ 30. Qxe1 Rxe1+ 31. Kxe1 Bxf4 32. gxf4 Nd8 33. Ke2 Ne6 34. Ke3 Kg7 35. b3 Kf7 36.
c4 Ke7 37. Nb1 Kd6 38. Nc3 dxc4 39. bxc4 a6 40. Ne2 b5 41. Kd3 Nc7 42. Nc3 Kc6 43. Ne2 bxc4+ 44. Kxc4 Nd5 45. a3 Nb6+ 46. Kd3 Nd5 47.
Kc4 a5 48. Kd3 Kb6 49. Kc4 Kc6 50. Kd3 Kd6 51. Kc4 Nc7 52. Nc3 Ne6 53. Nd5 g5 54. fxg5 fxg5 55. hxg5 Nxg5 56. Nf4 h4 57. Kb5 Ne4 58.
f3 Nd2 59. Kxa5 Nxf3 60. Kb6 Nxd4 61. a4 Nb3 62. a5 Nxa5 63. Kxa5 Kc5 64. Ka4 Kd4 65.
Kb3 Ke4 66. Nh3 Kf3 67. Kc2 Kg2 68. Nf4+ Kg3 69. Ne2+ Kf2 70. Nf4 Kf3 71. Nh3 Kg2 72.
Nf4+ Kg3 73. Ne2+ Kf2 74. Nf4 Kf3 75. Nh3 1/2-1/2

[Event "Early-Titled-Tuesday-Blitz-January-23-2024"]
[Site "Chess.com"]
[Date "2024.01.23"]
[Round "11"]
[White "alexrustemov"]
[Black "FoxOnTheRun97"]
[Result "1/2-1/2"]
[WhiteElo "2865"]
[BlackElo "2620"]
[TimeControl "180+1"]
[EndTime "10:09:06 PST"]
[Termination "Game drawn - insufficient material"]

1. d4 Nf6 2. c4 e6 3. Nf3 d5 4. cxd5 exd5 5. Nc3 c6 6. Bf4 Bd6 7. Bxd6 Qxd6 8. Qc2 Na6 9. e3 Nc7 10. h3 Bd7 11.
Bd3 b5 12. O-O O-O 13. Rfc1 a5 14. a4 b4 15. Nb1 Rfc8 16. Nbd2 Ne6 17. Nb3 Be8 18.
Nc5 Nd7 19. Bxh7+ Kf8 20. Nxd7+ Bxd7 21. Bf5 c5 22. Bxe6 cxd4 23. Qh7 Bxe6 24. Nxd4 g6 25.
Qh6+ Kg8 26. h4 Qe5 27. Qg5 Qxg5 28. hxg5 Kf8 29. Nb3 Rc4 30. Nd2 Rcc8 31. Rxc8+ Rxc8 32. Nb3 Rc2 33. Rb1 Bd7 34. Nd4 Rc5 35. b3 Ke7 36.
Kf1 Bf5 37. Rb2 Bd3+ 38. Ke1 Kd6 39. Kd2 Bf1 40. g3 Rc8 41. Rc2 Rxc2+ 42. Kxc2 Bg2 43. f3 Bf1 44. Kd2 Ba6 45. g4 Bc8 46. Ne2 Kc5 47.
Nf4 Kd6 48. Nd3 Ba6 49. Nf2 Kc5 50. f4 Kd6 51. Nh1 Kc5 52. Ng3 Bc8 53. f5 Kd6 54.
Kd3 Ke5 55. fxg6 fxg6 56. e4 d4 57. Nf5 gxf5 58. exf5 Ba6+ 59. Kd2 Bc8 60. g6 Kf6 61. Kd3 Ba6+ 62. Kxd4 Be2 63. Kc5 Bd1 64. Kb5 Bxb3 65. Kxa5 Bd1 66. Kxb4 Bxg4 67. a5 Bxf5 68. a6 Be4 69. a7 Kxg6 70. Kc5 Kf5 71. Kd6 Kf6 72. Kc7 Ke5 73. Kb8 Kd6 74. a8=Q Bxa8 1/2-1/2

[Event "Early-Titled-Tuesday-Blitz-January-23-2024"]
[Site "Chess.com"]
[Date "2024.01.23"]
[Round "11"]
[White "Sanan_Sjugirov"]
[Black "platy3"]
[Result "1-0"]
[WhiteElo "3013"]
[BlackElo "2870"]
[TimeControl "180+1"]
[EndTime "10:09:07 PST"]
[Termination "Sanan_Sjugirov won by resignation"]

1. Nf3 d5 2. g3 Nf6 3. Bg2 e6 4. O-O Be7 5. c4 O-O 6. b3 b6 7.
cxd5 Nxd5 8. Bb2 Bb7 9. d4 Nd7 10. Re1 c5 11. e4 N5f6 12. Nc3 a6 13. d5 exd5 14. e5 Ne8 15. Nxd5 Nc7 16. Nxe7+ Qxe7 17. Qd6 Qxd6 18. exd6 Ne6 19. Ne5 Nxe5 20. Bxb7 Ra7 21. Be4 Nd4 22. Bxd4 cxd4 23. Bxh7+ Kxh7 24. Rxe5 Rd7 25.
Rd5 Rfd8 26. Rxd4 Rxd6 27. Rh4+ Rh6 28. Rf4 Rd7 29. Rc1 Re6 30. a4 g6 31. h4 Kg7 32.
Rc3 Red6 33. Rcf3 b5 34. axb5 axb5 35. Kg2 Rc7 36. h5 gxh5 37. Rf5 b4 38. R3f4 Rb6 39. Rxh5 Rc3 40. Rhf5 Rb7 41. Rf3 Rbc7 42. R5f4 Rxf3 43. Rxf3 Rc3 44. Re3 f5 45. Kf3 Rc2 46. Rd3 Kf6 47. Ke3 Ke6 48. f3 Rg2 49. Kf4 Rb2 50. Re3+ Kf6 51. Re5 Rxb3 52. Rxf5+ Ke6 53. Rb5 Rb1 54. g4 b3 55. g5 b2 56. Rb6+ Kf7 57. Rb4 Kg6 58.
Rb6+ Kg7 59. Rb4 Kg6 60. Rb3 Kg7 61. Kf5 Rf1 62. Rb7+ Kf8 63. Rxb2 Rxf3+ 64. Kg6 Rg3 65.
Rb5 Ke7 66. Kg7 Rg1 67. g6 Rg2 68. Re5+ Kd6 69. Re4 Kd7 70. Kf7 Rf2+ 71. Kg8 Rf1 72.
g7 Re1 73. Rxe1 1-0

[Event "Early-Titled-Tuesday-Blitz-January-23-2024"]
[Site "Chess.com"]
[Date "2024.01.23"]
[Round "11"]
[White "Roman_Ovetchkin"]
[Black "margarita_2703"]
[Result "1-0"]
[WhiteElo "2637"]
[BlackElo "2312"]
[TimeControl "180+1"]
[EndTime "10:09:10 PST"]
[Termination "Roman_Ovetchkin won on time"]

1. d4 d5 2. c4 e6 3. Nf3 Nf6 4. g3 Be7 5. Bg2 O-O 6. Qc2 dxc4 7. Qxc4 a6 8. Bf4 Nd5 9. Bd2 b5 10. Qc2 Bb7 11. O-O Nd7 12. Ba5 Rc8 13. a3 Qe8 14. b4 Bf6 15. e4 N5b6 16. Nbd2 c6 17. Bxb6 Nxb6 18. Nb3 Be7 19. Na5 Ba8 20. Rac1 f6 21.
Bh3 Qd7 22. Qa2 Kf7 23. Rfd1 Rfd8 24. Bg4 g6 25. h4 Qd6 26. Kg2 h5 27. Bh3 Nd7 28. e5 Qd5 29. Qxd5 cxd5 30. exf6 Bxf6 31. Re1 Nf8 32. Ng5+ Bxg5 33. hxg5 Rc4 34. Nxc4 dxc4+ 35. f3 Rxd4 36. Red1 e5 37. Kf2 Ke7 38. Ke3 Rxd1 39. Rxd1 Bc6 40. f4 exf4+ 41. gxf4 Bd7 42. Bxd7 Nxd7 43. f5 gxf5 44. Kf4 Nb6 45. Kxf5 Na4 46. Kg6 Nb2 47. Re1+ Kf8 48. Kh7 Nd3 49. g6 Nxe1 50. g7+ Ke7 51. g8=Q Nd3 52. Qg7+ Kd6 53. Qd4+ Kc6 54.
Kg6 h4 55. Qxh4 Ne5+ 56. Kf5 Nd7 57. Ke6 Nb6 58. Qe4+ Kc7 59. Qd4 Kc6 60. Qc5+ Kb7 61.
Kd6 Nc8+ 62. Kd7 Nb6+ 63. Kd8 Na8 64. Qd5+ Ka7 65. Qc6 Nb6 66. Kc7 1-0

[Event "Early-Titled-Tuesday-Blitz-January-23-2024"]
[Site "Chess.com"]
[Date "2024.01.23"]
[Round "11"]
[White "SpeedofLight0"]
[Black "Sibelephant"]
[Result "1/2-1/2"]
[WhiteElo "2939"]
[BlackElo "3071"]
[TimeControl "180+1"]
[EndTime "10:09:12 PST"]
[Termination "Game drawn - insufficient material"]

1. d4 Nf6 2. c4 e6 3. Nf3 d5 4.
g3 Bb4+ 5. Bd2 Bd6 6. Bg2 c6 7.
b3 Nbd7 8. O-O Ne4 9. Nc3 f5 10. Qc1 Nxd2 11. Qxd2 O-O 12. Rfc1 Nf6 13. Ne5 Bd7 14. Na4 Be8 15. Nc5 Qe7 16. Qe3 Bh5 17.
Ncd3 Rae8 18. c5 Bc7 19. b4 Ng4 20. Qd2 Nxe5 21. dxe5 g5 22. b5 f4 23. bxc6 bxc6 24. Rab1 fxg3 25. hxg3 Rb8 26. Nb4 Be8 27. Qd4 Qg7 28.
Nd3 Bg6 29. e4 Rbd8 30. exd5 exd5 31. Rb7 Rf7 32. Rxa7 Bxe5 33. Nxe5 Rxa7 34. Nxc6 Qxd4 35. Nxd4 Rxa2 36. c6 Be4 37. c7 Rc8 38. Bh3 Rxc7 39. Rxc7 Ra1+ 40. Bf1 Bd3 41. Ne6 h6 42. Kg2 Bxf1+ 43.
Kf3 Bd3 44. Kg4 Rh1 45. Nd4 Re1 46. Nc6 Be2+ 47. Kf5 Kf8 48. Kf6 Bg4 49. Ne5 Bh3 50.
Re7 Kg8 51. Rg7+ Kf8 52. Re7 Kg8 53. Rc7 Rf1 54. f3 d4 55. Rg7+ Kf8 56. Re7 Kg8 57.
Re8+ Kh7 58. Re7+ Kg8 59. Kg6 Kf8 60. Rc7 Ke8 61. Rc4 d3 62. Rd4 Re1 63. Nxd3 Re3 64. Kxh6 Rxf3 65. g4 Bxg4 66. Ne5 Rh3+ 67. Kxg5 Bc8 68.
Ng6 Rg3+ 69. Kf6 Rf3+ 70. Nf4 Ra3 71. Nd5 Ra6+ 72. Kg5 Rd6 73. Kf4 Kd7 74. Ke5 Re6+ 75. Kf5 Rd6 76. Ke5 Re6+ 77. Kf4 Rd6 78. Nf6+ Ke6 79. Rxd6+ Kxd6 1/2-1/2